[Event "MCR zen 2022"]
[Site "Hotel Opera, Jaroměřice nad Rokytnou, Czech Republic"]
[Date "????.??.??"]
[Round "4.1"]
[White "Pilsova, Karolina"]
[Black "Nemcova, Karin"]
[Result "1/2-1/2"]
[TimeControl "90 min/40 moves + 30 min + 30s/move"]
[WhiteElo "2229"]
[BlackElo "2181"]

1. e4 c5 2. Nf3 d6 3. d4 cxd4 4. Nxd4 Nf6 5. Nc3 a6 6. Be3 e5 7. Nf3 Be7 8. Bc4 O-O 9. O-O Be6 10.
Qe2 b5 11. Bb3 h6 12. Rfd1 Nbd7 13. Nh4 b4 14. Na4 Nxe4 15. Bxe6 fxe6 16. Ng6 Rf6 17. Nxe7+ Qxe7 18. Qc4 Ng5 19.
Bxg5 hxg5 20. Qxb4 Nc5 21. Nxc5 dxc5 22. Qe4 Raf8 23. Rd2 Qf7 24. Rf1 Rf5 25. Qc6 g4 26. Qxc5 Rh5 27. Qe3 Qg6 28.
Rfd1 Rf3 29. Rd8+ Kh7 30. Qd2 Rhf5 31. Rc8 Rxf2 32. Qxf2 Rxf2 33. Kxf2 Qf5+ 34. Kg1 e4 35. Rc3 e3 36.
Rxe3 Qxc2 37. Rde1 Qxb2 38. a3 a5 39. R1e2 Qd4 40. Kh1 e5 41. Re1 Qa4 42. h3 gxh3 43. Rxh3+ Kg6 44. Rhe3 1/2-1/2

[Event "MCR zen 2022"]
[Site "Hotel Opera, Jaroměřice nad Rokytnou, Czech Republic"]
[Date "????.??.??"]
[Round "4.2"]
[White "Petrova, Kristyna"]
[Black "Zelbova, Lada"]
[Result "1-0"]
[TimeControl "90 min/40 moves + 30 min + 30s/move"]
[WhiteElo "2264"]
[BlackElo "1967"]

1. e4 c5 2. Be2 Nc6 3. f4 e6 4. Nf3 d5 5. d3 g6 6. O-O Bg7 7. c3 Nge7 8. Qe1 O-O 9. Be3 b6 10.
Na3 Ba6 11. Rd1 Qc7 12. e5 Nf5 13. Bf2 h5 14. d4 c4 15. h3 b5 16. Nc2 Bc8 17. g4 hxg4 18. hxg4 Nh6 19. Ne3 b4 20.
Bh4 bxc3 21. bxc3 Kh7 22. Bg5 Rh8 23. Kg2 Kg8 24. Rb1 Rb8 25. Rh1 Kf8 26. Qc1 Rxb1 27. Qxb1 Qb8 28. Qc1 Ng8 29.
Qa3+ Ke8 30. Rxh8 Bxh8 31. f5 exf5 32. gxf5 Bxf5 33. Nxd5 Bg7 34. Bxc4 Bf8 35. Qa4 Bd7 36. Qb3 Be6 37.
Qxb8+ Nxb8 38. Bb5+ Nd7 39. Nc7# 1-0

[Event "MCR zen 2022"]
[Site "Hotel Opera, Jaroměřice nad Rokytnou, Czech Republic"]
[Date "????.??.??"]
[Round "4.3"]
[White "Lhotska, Anna"]
[Black "Richterova, Natasa"]
[Result "1-0"]
[TimeControl "90 min/40 moves + 30 min + 30s/move"]
[WhiteElo "2029"]
[BlackElo "2181"]

1. e4 e5 2. Nf3 Nc6 3. Bc4 Bc5 4. O-O Nf6 5. d4 Nxd4 6. Nxe5 O-O 7. Be3 Ne6 8. Bxe6 Bxe3 9. Bxf7+ Kh8 10.
Bb3 Qe7 11. Nf7+ Rxf7 12. Bxf7 Bf4 13. Bc4 d5 14. exd5 Bg4 15. Qd3 Qe5 16. h3 Bf5 17. Qc3 Qd6 18. Nd2 Rf8 19. Rae1 c6 20.
Re2 cxd5 21. Bd3 Bd7 22. Rfe1 a6 23. Nb3 b6 24. Nd4 Rc8 25. Qb3 b5 26. Nf5 Qc5 27. c3 Rf8 28. Nd4 Bb8 29.
Qb4 Qc8 30. Ne6 Re8 31. Ng5 Rxe2 32.
Rxe2 Ba7 33. Qh4 Bf5 34. Nf7+ Kg8 35. Nd6 1-0

[Event "MCR zen 2022"]
[Site "Hotel Opera, Jaroměřice nad Rokytnou, Czech Republic"]
[Date "????.??.??"]
[Round "4.4"]
[White "Sikorova, Olga"]
[Black "Trasakova, Adela"]
[Result "1-0"]
[TimeControl "90 min/40 moves + 30 min + 30s/move"]
[WhiteElo "2173"]
[BlackElo "1842"]

1. c4 c6 2. g3 Nf6 3. Nf3 d5 4. Bg2 dxc4 5. O-O Nbd7 6. Na3 Nb6 7. Qc2 Be6 8. Ne5 Qd4 9. Nxc6 bxc6 10.
Bxc6+ Nfd7 11. Nb5 Qc5 12. Nc7+ Kd8 13. Nxe6+ fxe6 14. Bxa8 Nxa8 15. d3 cxd3 16. Qxd3 Qd6 17. Qc2 Nab6 18.
Be3 Ke8 19. Rfd1 Qb8 20. Rac1 Kf7 21. Qc7 Qxc7 22. Rxc7 Nf6 23. Rxa7 Nc4 24. Bc5 Nxb2 25. Rc1 g6 26. Ba3 Bh6 27.
Rxe7+ Kg8 28. Rc8+ Bf8 29. Rb7 1-0

[Event "MCR zen 2022"]
[Site "Hotel Opera, Jaroměřice nad Rokytnou, Czech Republic"]
[Date "????.??.??"]
[Round "4.5"]
[White "Novosadova, Kristyna"]
[Black "Koubova, Anna Marie"]
[Result "0-1"]
[TimeControl "90 min/40 moves + 30 min + 30s/move"]
[WhiteClock "00:01:22"]
[BlackClock "00:01:09"]
[WhiteElo "2147"]
[BlackElo "2115"]

1. e4 e6 2. d4 d5 3. Nc3 Nc6 4. Nge2 dxe4 5. Nxe4 Nf6 6. Nxf6+ Qxf6 7. h4 Bd6 8. Bg5 Qf5 9. Nc3 e5 10.
Bd3 Qg4 11. d5 Qxd1+ 12. Rxd1 Nb4 13. Bb5+ Kf8 14. Ba4 f6 15. Be3 Bf5 16. Rd2 Na6 17. Bb5 Nc5 18. f3 h5 19. O-O a6 20.
Be2 Kf7 21. f4 exf4 22. Bxf4 Ne4 23. Nxe4 Bxe4 24. Bxd6 cxd6 25. Bf3 Rae8 26. c3 Re5 27. Rd4 Rhe8 28. a4 b5 29. axb5 axb5 30.
Rb4 Bxf3 31. Rxf3 Rxd5 32. c4 bxc4 33. Rxc4 Re7 34. b4 Rb7 35. Kh2 Rdb5 36. Rff4 d5 37. Rcd4 Ke6 38. g4 hxg4 39.
Rxg4 Ke5 40. h5 f5 41. Rgf4 Ra7 42. Kg3 Ra3+ 43. Kf2 Rh3 44. Rh4 Rxh4 45. Rxh4 d4 46. h6 gxh6 47. Rxh6 Rxb4 48.
Rh8 Rb3 49. Rd8 Ke4 50. Re8+ Kf4 51. Rh8 Rb2+ 52. Ke1 Ke3 53. Re8+ Kd3 54. Rf8 Re2+ 55. Kf1 Re5 56. Kf2 Rd5 57.
Ra8 Kc3 58. Rc8+ Kd2 59. Ra8 Rc5 60. Ra2+ Kc1 61. Ra4 Rd5 62. Rc4+ Kd2 63. Ra4 d3 64. Ra8 Kc2 65. Rc8+ Kd1 66.
Rc7 d2 67. Rc8 Rd3 68. Rc7 Rd5 69. Rc8 Rd4 70. Rc5 Rf4+ 71. Ke3 Rf1 72. Rd5 f4+ 73. Kd3 Rf3+ 74. Ke4 Rc3 0-1